 Dungeon Crawl Stone Soup version 0.17.1-3-g152610e (webtiles) character file.

112 Shtopit the Shield-Bearer (level 4, -3/29 HPs)
             Began as a Gargoyle Fighter on Apr 26, 2016.
             Killed from afar by Terence (8 damage)
             ... with a wand of frost
             ... on level 2 of the Dungeon.
             The game lasted 00:06:12 (2001 turns).

Shtopit the Shield-Bearer (Gargoyle Fighter)        Turns: 2001, Time: 00:06:12

Health: -3/29      AC: 15    Str: 20    XL:     4   Next: 93%
Magic:  4/4        EV:  5    Int:  9    God:
Gold:   84         SH:  9    Dex:  9    Spells: 0 memorised, 3 levels left

rFire  . . .     SeeInvis .     a - +1 flail
rCold  . . .     Clarity  .     s - +0 chain mail
rNeg   + . .     SustAt   .     c - +0 shield
rPois  ∞         Gourm    .     (no helmet)
rElec  +         Spirit   .     (no cloak)
rCorr  .         Warding  .     h - +1 pair of gloves
rMut   .         Stasis   .     (no boots)
MR     .....                    (no amulet)
Stlth  ..........               (no ring)
                                (no ring)

@: not resistant to hostile enchantments, extremely unstealthy
A: negative energy resistance 1, electricity resistance, unbreathing,
petrification resistance, rot immunity, AC +3
a: no special abilities


You were on level 2 of the Dungeon.
You were hungry.

You visited 1 branch of the dungeon, and saw 3 of its levels.

You collected 84 gold pieces.

Inventory:

Hand Weapons
 a - a +1 flail (weapon)
Armour
 b - a +0 scale mail
 c - a +0 shield (worn)
 h - a +1 pair of gloves (worn)
 s - a +0 chain mail (worn)
Scrolls
 k - a scroll of enchant weapon
 t - a scroll of identify {unknown}
Potions
 d - a potion of might
 j - a potion of ambrosia {unknown}
 l - a potion of brilliance {unknown}
 r - a potion of invisibility {unknown}
Comestibles
 e - 2 bread rations
 g - 2 slices of pizza
 i - a fruit
 n - a meat ration


   Skills:
 + Level 3.8 Fighting
 + Level 2.6 Maces & Flails
 + Level 3.8 Armour
 + Level 1.4 Dodging
 + Level 4.3 Shields


You had 3 spell levels left.
You didn't know any spells.

Dungeon Overview and Level Annotations

Branches:
Dungeon (3/15)

Altars:

Annotations:
D:2 Terence


Innate Abilities, Weirdness & Mutations

You are resistant to torment.
Your stone body is resilient (AC +3).
You are immune to poison.
You resist negative energy.
You are resistant to electric shocks.
You can survive without breathing.
You are immune to petrification.
You are immune to rotting.


Message History

Terence zaps a wand.
The puff of frost hits you!
* * * LOW HITPOINT WARNING * * *
You closely miss Terence.
Terence is severely wounded.
Terence zaps a wand.
The puff of frost misses you.
You closely miss Terence.
Terence is severely wounded.
Terence says, "Don't bother to defend, it's senseless."
Terence zaps a wand.
The puff of frost hits you!
You hit Terence.
Terence is almost dead.
Terence hits you but does no damage.
Terence zaps a wand.
The puff of frost hits you!
You hit Terence but do no damage.
Terence is almost dead.
Terence zaps a wand.
The puff of frost hits you!
You barely miss Terence.
Terence is almost dead.
Terence zaps a wand.
The puff of frost hits you!
You die...

....?..@........#.#..#..........#
.###......#.......>.#..##.#..##.#
#...@###.###.......###...........
..$...@.## ##.#..##.#.....>..##..
.#.#.###.###..#..##.).....#####.#
.#...####>#...#.............# #.#
.....).....#..##.##..##.###.# #.#
.#...#####.#..##.##..##.# #.# #.#
.#.#.# #.#..##@##.#.#.# #.# #.#
...#.# #.#..##@#...#..# #.###.#
.#.#.#####............#<###......
.#.#.............#..........###..
....#####..............)...... ..
#..####.#.##.##...###. ##.#
#.#.##.......... #.#
#.#.#####...###. #.# #.#.# ##.##
#.


You could see Terence.

Vanquished Creatures
  Jessica (D:2)
  A gnoll (D:3)
  3 adders
  An orc (D:3)
  A ball python (D:1)
  9 bats
  3 giant cockroaches
  3 hobgoblins
  6 jackals (D:3)
  5 kobolds
  3 quokkas (D:3)
  3 giant newts (D:1)
  4 goblins
  4 rats
47 creatures vanquished.

Vanquished Creatures (others)
  An adder (D:3)
1 creature vanquished.

Grand Total: 48 creatures vanquished

Notes
Turn   | Place    | Note
--------------------------------------------------------------
     0 | D:1      | Shtopit the Gargoyle Fighter began the quest for the Orb.
     0 | D:1      | Reached XP level 1. HP: 14/14 MP: 1/1
   310 | D:1      | Reached XP level 2. HP: 19/19 MP: 2/2
   921 | D:2      | Noticed Jessica
   931 | D:2      | Killed Jessica
   931 | D:2      | Reached skill level 4 in Shields
   931 | D:2      | Reached XP level 3. HP: 23/23 MP: 3/3
   950 | D:2      | Noticed Terence
  1126 | D:3      | Reached XP level 4. HP: 29/29 MP: 4/4
  1307 | D:3      | Reached skill level 1 in Dodging
  2001 | D:2      | Killed from afar by Terence

Action                   |  1- 3 |  4- 6 || total
-------------------------+-------+-------++-------
Melee: Flail             |    91 |    34 ||   125
       Mace              |       |    99 ||    99
  Use: Scroll            |       |     6 ||     6
  Eat: Chunk             |       |     3 ||     3
